Map: Pillars of Gold LE

Players

TLHarstem (Harstem)

  • Race: Protoss Protoss
  • League: Master
  • Spawn Location: 7:00

PtitDrogo - Winner!

  • Race: Protoss Protoss
  • League: Grandmaster
  • Spawn Location: 1:00

Event: DreamHack SC2 Masters 2020 Summer Europe

VOD

Have the link to the VOD?

Description

Time

  • Played on: July 3, 2020, 1:43 p.m.
  • Length: 9:19

All games in this series

Show
View Real Time Build Order
Export as new Build Order

TLHarstem Protoss 

Build Orders: Oracle Opening, Blink Stalkers 

Get SALT Encoding   

  12  0:00  Probe  
  13  0:12  Probe  
  14  0:19  Pylon  
  14  0:25  Probe  
  15  0:34  Probe  
  15  0:42  Probe  
  17  0:55  Gateway, Probe  
  18  0:58  Assimilator  
  18  1:07  Probe  
  18  1:08  Assimilator  
  19  1:19  Probe  
  20  1:31  Probe  
  21  1:37  Pylon  
  21  1:42  Cybernetics Core  
  21  1:43  Probe  
  22  1:55  Probe  
  23  2:08  Stalker, Probe  
  24  2:10  Nexus  
  24  2:19  Warp Gate  
  26  2:24  Probe  
  26  2:29  Shield Battery  
  27  2:30  Sentry  
  27  2:36  Probe  
  28  2:44  Pylon  
  30  2:52  Probe  
  30  2:55  Oracle  
  30  3:01  Stalker  
  30  3:02  Twilight Council  
  30  3:05  Probe  
  33  3:13  Probe  
  33  3:18  Blink, Probe  
  34  3:21  Probe  
  34  3:22  Gateway  
  34  3:26  Probe  
  36  3:31  Probe  
  38  3:36  Probe  
  39  3:43  Probe  
  39  3:48  Probe, Robotics Facility  
  41  3:55  Probe  
  42  4:00  Probe  
  43  4:07  Probe  
  43  4:08  Gateway  
  43  4:09  Stalker  
  46  4:12  Probe  
  47  4:18  Stalker  
  47  4:19  Probe  
  47  4:22  Pylon  
  47  4:23  Pylon  
  50  4:24  Probe  
  51  4:31  Probe  
  51  4:36  Stalker, Assimilator  
  54  4:40  Probe  
  54  4:41  Observer  
  54  4:43  Probe  
  54  4:45  Phoenix  
  57  4:46  Dark Shrine  
  57  4:50  Stalker  
  60  4:56  Probe  
  60  4:59  Gateway  
  61  5:02  Stalker  
  62  5:08  Stalker, Pylon  
  64  5:15  Probe  
  65  5:24  Nexus  
  65  5:26  Pylon  
  64  5:32  Stalker, Robotics Bay  
  66  5:36  Probe  
  66  5:38  Stalker  
  66  5:41  Probe  
  70  5:43  Assimilator  
  70  5:55  Stalker x2  
  70  5:56  Probe  
  73  5:58  Pylon  
  73  5:59  Stalker  
  75  6:06  Probe  
  75  6:09  Pylon  
  76  6:11  Dark Templar  
  76  6:15  Pylon  
  76  6:16  Probe  
  79  6:20  Dark Templar  
  79  6:24  Pylon  
  79  6:25  Probe  
  82  6:27  Disruptor  
  82  6:36  Probe x2  
  82  6:39  Forge, Probe  
  88  6:48  Probe x2  
  88  6:51  Probe  
  89  7:00  Probe  
  90  7:01  Disruptor  
  90  7:05  Dark Templar  
  90  7:07  Protoss Ground Weapons Level 1, Stalker x2  
  98  7:11  Shield Battery  
  98  7:12  Shield Battery, Probe  
  98  7:14  Zealot  
  101  7:16  Probe  
  101  7:17  Shield Battery  
  103  7:24  Probe, Pylon  
  103  7:26  Photon Cannon, Disruptor  
  103  7:29  Probe  
  104  7:34  Probe  
  103  7:40  Probe  
  103  7:42  Photon Cannon  
  107  7:46  Photon Cannon  
  107  7:53  Disruptor  
  107  7:54  Probe  
  107  7:58  Stalker x3, Probe  
  109  8:03  Probe  
  109  8:05  Assimilator  
  117  8:06  Probe  
  117  8:07  Zealot  
  117  8:10  Assimilator, Shield Battery  
  120  8:19  Gateway  
  120  8:20  Gateway, Immortal  
  120  8:22  Dark Templar  
  122  8:30  Stalker x2  
  122  8:34  Pylon  
  116  8:42  Stalker  
  113  8:52  Probe  
  109  8:56  Stalker x3  
  109  8:59  Probe  
  109  9:00  Probe  
  101  9:04  Probe  
Show
View Real Time Build Order
Export as new Build Order

PtitDrogo Protoss - Winner!

Build Orders: 1 Gate Expand, Phoenix Opening, Blink Stalkers 

Get SALT Encoding   

  12  0:00  Probe  
  13  0:13  Probe  
  14  0:18  Pylon  
  14  0:24  Probe  
  15  0:32  Probe  
  15  0:40  Gateway, Probe  
  17  0:51  Assimilator  
  17  0:52  Probe  
  18  1:03  Pylon  
  18  1:05  Probe  
  19  1:17  Probe  
  20  1:28  Pylon  
  20  1:37  Nexus  
  20  1:46  Cybernetics Core  
  20  1:47  Probe  
  20  1:51  Assimilator  
  21  1:58  Pylon  
  21  2:01  Probe  
  22  2:10  Probe  
  22  2:13  Stalker  
  23  2:18  Probe  
  24  2:24  Warp Gate  
  24  2:28  Probe  
  27  2:40  Probe  
  27  2:43  Stalker  
  30  2:48  Probe  
  31  2:52  Probe  
  31  2:57  Probe  
  32  3:00  Twilight Council  
  32  3:04  Probe  
  32  3:05  Sentry, Probe  
  35  3:19  Gateway  
  37  3:20  Gateway, Probe  
  37  3:25  Blink  
  38  3:27  Shield Battery  
  38  3:29  Probe  
  38  3:32  Probe  
  40  3:36  Pylon  
  40  3:39  Phoenix  
  40  3:41  Probe  
  40  3:46  Probe  
  42  3:53  Probe  
  43  3:58  Probe  
  44  4:04  Forge  
  44  4:05  Probe  
  45  4:10  Probe  
  45  4:11  Protoss Ground Weapons Level 1, Assimilator  
  45  4:13  Stalker x2  
  45  4:16  Stalker  
  52  4:20  Pylon  
  52  4:22  Probe  
  52  4:24  Probe  
  54  4:30  Robotics Facility  
  54  4:46  Nexus  
  54  4:47  Probe  
  54  4:49  Probe  
  56  4:53  Pylon  
  56  4:59  Stalker  
  58  5:00  Probe  
  58  5:03  Stalker  
  58  5:05  Probe  
  62  5:09  Pylon  
  62  5:12  Stalker  
  62  5:13  Probe  
  65  5:16  Charge  
  65  5:17  Observer  
  65  5:19  Probe  
  67  5:29  Stalker x2  
  67  5:32  Probe x2  
  73  5:38  Phoenix  
  73  5:41  Pylon  
  73  5:52  Stalker x3  
  75  5:58  Probe  
  75  5:59  Probe, Protoss Ground Weapons Level 2  
  75  6:02  Gateway  
  75  6:03  Gateway  
  77  6:06  Gateway  
  77  6:08  Probe  
  77  6:10  Probe  
  79  6:12  Probe  
  79  6:16  Stalker x2  
  84  6:21  Warp Prism  
  86  6:26  Stalker  
  88  6:39  Stalker x2  
  92  6:47  Pylon  
  92  6:50  Gateway x2, Pylon  
  90  7:04  Stalker x4  
  98  7:09  Probe x2  
  98  7:11  Assimilator  
  97  7:20  Stalker x2  
  99  7:24  Pylon  
  97  7:33  Probe  
  97  7:37  Probe  
  99  7:38  Probe  
  99  7:42  Photon Cannon x2  
  100  7:46  Photon Cannon  
  99  7:56  Photon Cannon  
  98  8:04  Probe x3  
  99  8:08  Stalker x4  
  99  8:12  Stalker  
  109  8:16  Probe  
  110  8:22  Pylon  
  110  8:31  Stalker x4  
  110  8:32  Zealot  
  114  8:42  Stalker  
  109  8:57  Stalker x5  
Tags
 
Add a new tag
Caveats
  • Supply blocks, unpowered buildings, or Contaminate may cause inaccurate times.
  • Supply counts are checked every 10 seconds.